[Event "Titled Tuesday Blitz July 25 Early 2023"]
[White "Gardezi, Arsal"]
[Black "Panesar Vedant"]
[WhiteFideId "30949521"]
[BlackFideId "35033018"]
[WhiteElo "2251"]
[BlackElo "2700"]
[Result "0-1"]
[Round "2"]
[TimeControl "180+2"]
[Date "2023.07.25"]
[WhiteClock "0:01:19"]
[BlackClock "0:00:32"]
[Board "108"]

1. e4 e5 2. Nf3 Nf6 3. Nxe5 d6 4. Nf3 Nxe4 5. Nc3 Nxc3 6. dxc3 Be7 7. Bd3 O-O 8. Bf4 Nd7 9. Qd2 Nc5 10. O-O Nxd3 11. Qxd3 Bf6 12. Rfe1 Be6 13. h3 Qd7 14. Nd2 Bf5 15. Ne4 Bxe4 16. Qxe4 d5 17. Qf3 c6 18. Rad1 Qf5 19. Rd3 Rae8 20. Bd2 Rxe1+ 21. Bxe1 Qxf3 22. Rxf3 Re8 23. Kf1 Bg5 24. Rd3 Bd8 25. Bd2 Bb6 26. Rg3 f6 27. Rg4 Kf7 28. Rh4 h6 29. Rf4 Re4 30. Rxe4 dxe4 31. Ke2 Ke6 32. Be3 Bxe3 33. Kxe3 Ke5 34. c4 f5 35. g3 g5 36. c3 f4+ 37. gxf4+ gxf4+ 38. Ke2 Kf5 39. b4 Kg5 40. b5 c5 41. a4 Kh4 42. f3 0-1


[Site "https://www.chess.com"]

[Event "Titled Tuesday Blitz July 25 Early 2023"]
[White "Sankalan Shah"]
[Black "Oleksiyenko, Mykhaylo"]
[WhiteFideId "25600362"]
[BlackFideId "4152417"]
[WhiteElo "2197"]
[BlackElo "2697"]
[Result "1-0"]
[Round "2"]
[TimeControl "180+2"]
[Date "2023.07.25"]
[WhiteClock "0:00:20"]
[BlackClock "0:00:29"]
[Board "109"]

1. d4 d5 2. c4 e6 3. Nf3 Nf6 4. Nc3 Nbd7 5. Bf4 dxc4 6. e3 Bd6 7. Bxd6 cxd6 8. Bxc4 Nb6 9. Bd3 Nbd5 10. O-O O-O 11. e4 Nxc3 12. bxc3 Qc7 13. e5 dxe5 14. dxe5 Nd5 15. Bxh7+ Kxh7 16. Ng5+ Kg8 17. Qh5 Rd8 18. c4 Nf4 19. Qh7+ Kf8 20. Qh8+ Ke7 21. Qxg7 Ne2+ 22. Kh1 Rf8 23. Rad1 Bd7 24. Qf6+ Ke8 25. Ne4 Ba4 26. Nd6+ Kd7 27. Nb5+ Bxd1 28. Nxc7 Kxc7 29. Rxd1 Rae8 30. Qf3 1-0


[Site "https://www.chess.com"]

[Event "Titled Tuesday Blitz July 25 Early 2023"]
[White "Gorovets, Andrey"]
[Black "Luxama, Jacques Muller"]
[WhiteFideId "13504037"]
[BlackFideId "11900113"]
[WhiteElo "2694"]
[BlackElo "2178"]
[Result "0-1"]
[Round "2"]
[TimeControl "180+2"]
[Date "2023.07.25"]
[WhiteClock "0:00:01"]
[BlackClock "0:00:52"]
[Board "110"]

1. Nf3 Nf6 2. c4 g6 3. d4 Bg7 4. g3 O-O 5. Bg2 c6 6. O-O d5 7. Qb3 dxc4 8. Qxc4 Nbd7 9. e3 Nb6 10. Qe2 Bf5 11. Nc3 Ne4 12. Nd2 Nxd2 13. Bxd2 Be6 14. Rfd1 Bc4 15. Qe1 Qe8 16. b3 Be6 17. Ne4 Bg4 18. f3 Bc8 19. Rac1 e5 20. Bb4 exd4 21. Bxf8 Qxf8 22. exd4 Nd5 23. Nc5 b6 24. Ne4 Bd7 25. Qd2 Rd8 26. f4 Bg4 27. Re1 Nb4 28. Rc4 c5 29. Nf2 Be6 30. d5 Nxd5 31. Rxe6 fxe6 32. Qe2 Qf7 33. Bh3 Re8 34. Kg2 Bd4 35. Ng4 Qg7 36. Rc1 h5 37. Nf2 Ne3+ 38. Kg1 Qf6 39. Bg2 e5 40. fxe5 Rxe5 41. Kh1 Nxg2 42. Ne4 Qe7 0-1


[Site "https://www.chess.com"]

[Event "Titled Tuesday Blitz July 25 Early 2023"]
[White "Larina, Maria"]
[Black "Koshulyan, Egor A."]
[WhiteFideId "24113182"]
[BlackFideId "24237000"]
[WhiteElo "2119"]
[BlackElo "2680"]
[Result "0-1"]
[Round "2"]
[TimeControl "180+2"]
[Date "2023.07.25"]
[WhiteClock "0:00:01"]
[BlackClock "0:00:56"]
[Board "111"]

1. e4 c5 2. Nc3 Nc6 3. g3 g6 4. Bg2 Bg7 5. d3 d6 6. Be3 Rb8 7. Qd2 b5 8. Nd1 e6 9. Ne2 Nge7 10. Bh6 O-O 11. h4 f5 12. h5 Rf7 13. hxg6 hxg6 14. Bxg7 Rxg7 15. Qh6 Kf7 16. Ne3 Ne5 17. f4 Ng8 18. Qh3 Nd7 19. exf5 exf5 20. Bd5+ Kf8 21. O-O-O Ndf6 22. Bf3 Be6 23. g4 fxg4 24. Nxg4 Nh5 25. Qg2 Qd7 26. Rdg1 Qf7 27. Rf1 Ke7 28. a3 b4 29. a4 Kd7 30. Kb1 Ne7 31. Be4 a5 32. Ng3 Bxg4 33. Nxh5 Bxh5 34. Qh3+ Kc7 35. f5 Qe8 36. f6 Rf7 37. fxe7 Rxe7 0-1


[Site "https://www.chess.com"]

[Event "Titled Tuesday Blitz July 25 Early 2023"]
[White "Feliz Dotel, Dewar Bienvenido"]
[Black "Rendle, Thomas E"]
[WhiteFideId "6402801"]
[BlackFideId "408760"]
[WhiteElo "2073"]
[BlackElo "2679"]
[Result "0-1"]
[Round "2"]
[TimeControl "180+2"]
[Date "2023.07.25"]
[WhiteClock "0:00:02"]
[BlackClock "0:00:15"]
[Board "112"]

1. d4 e6 2. e3 f5 3. Nf3 Nf6 4. Be2 Be7 5. c4 O-O 6. O-O b6 7. Nbd2 Bb7 8. Rb1 Nc6 9. a3 a5 10. b3 Qe8 11. Bb2 Qg6 12. d5 exd5 13. Bxf6 Bxf6 14. cxd5 Ne7 15. d6 cxd6 16. Nc4 Nd5 17. Nxd6 Nc3 18. Qc2 Be4 19. Nxe4 fxe4 20. Nd4 Nxb1 21. Rxb1 Bxd4 22. exd4 d5 23. Rc1 Qf6 24. Bg4 Qxd4 25. Rd1 Qe5 26. Qc6 Rad8 27. Qxb6 d4 28. h3 Qf4 29. Rf1 e3 30. Bf3 Qg5 31. fxe3 Qxe3+ 32. Kh1 Rb8 33. Qxa5 d3 34. Qd5+ Kh8 35. Rd1 Rbd8 36. Qe6 Qxe6 0-1


[Site "https://www.chess.com"]

[Event "Titled Tuesday Blitz July 25 Early 2023"]
[White "Antal, Gergely"]
[Black "Saim, Mohamed Ilias"]
[WhiteFideId "717312"]
[BlackFideId "7900465"]
[WhiteElo "2678"]
[BlackElo "1928"]
[Result "1-0"]
[Round "2"]
[TimeControl "180+2"]
[Date "2023.07.25"]
[WhiteClock "0:00:15"]
[BlackClock "0:00:01"]
[Board "113"]

1. b3 f5 2. Bb2 b6 3. Nf3 Bb7 4. d3 d5 5. Nbd2 Nf6 6. h3 Nbd7 7. g4 e6 8. Bg2 Qb8 9. Ng5 Nc5 10. b4 h6 11. bxc5 hxg5 12. gxf5 exf5 13. cxb6 axb6 14. Nf3 g4 15. Ne5 gxh3 16. Rxh3 Rxh3 17. Bxh3 Bb4+ 18. Kf1 Ng4 19. Nxg4 fxg4 20. Bxg4 c5 21. Qc1 Qh2 22. Qe3+ Kf8 23. Qf3+ Kg8 24. Qh3 Qxh3+ 25. Bxh3 d4 26. a3 Ba5 27. Rb1 Rf8 28. Bc1 Bc8 29. Bxc8 Rxc8 30. Bf4 Kf7 31. Be5 g6 32. Kg2 Ke6 33. f4 g5 34. Kf3 gxf4 35. Bxf4 Rf8 36. Ke4 Re8 37. Rh1 Kd7+ 38. Kf3 Kc6 39. a4 Ra8 40. Rh6+ 1-0


[Site "https://www.chess.com"]

[Event "Titled Tuesday Blitz July 25 Early 2023"]
[White "Weetik, Vjacheslav"]
[Black "Navyblue1"]
[WhiteFideId "4153472"]
[WhiteElo "2676"]
[BlackElo "1921"]
[Result "1-0"]
[Round "2"]
[TimeControl "180+2"]
[Date "2023.07.25"]
[WhiteClock "0:00:57"]
[BlackClock "0:00:17"]
[Board "114"]

1. d4 Nf6 2. c4 g6 3. Nc3 Bg7 4. e4 d6 5. Nf3 O-O 6. Be2 Qe8 7. O-O e5 8. dxe5 dxe5 9. b4 Bg4 10. Ba3 Bxf3 11. Bxf3 Qe6 12. Nd5 Nxd5 13. cxd5 Qa6 14. Qb3 Qb5 15. Rac1 Na6 16. Rfe1 Rfc8 17. Bg4 Rd8 18. Be2 Qb6 19. b5 Nb8 20. Bc5 Qa5 21. a4 c6 22. dxc6 bxc6 23. Bc4 Rd7 24. Red1 Rxd1+ 25. Rxd1 Qc7 26. Bxf7+ Qxf7 27. Rd8+ Bf8 28. Rxf8+ Kg7 29. Qxf7+ Kh6 30. Be3+ 1-0


[Site "https://www.chess.com"]

[Event "Titled Tuesday Blitz July 25 Early 2023"]
[White "Svane, Rasmus"]
[Black "Khodzhamkuliev, Bahadur"]
[WhiteFideId "4657101"]
[BlackFideId "24135046"]
[WhiteElo "2976"]
[BlackElo "2472"]
[Result "1-0"]
[Round "2"]
[TimeControl "180+2"]
[Date "2023.07.25"]
[WhiteClock "0:00:33"]
[BlackClock "0:00:41"]
[Board "115"]

1. Nf3 Nc6 2. d4 d6 3. d5 Nb8 4. e4 g6 5. c4 Bg7 6. h3 c5 7. Bd3 a6 8. O-O Nf6 9. Nc3 O-O 10. Re1 Nfd7 11. Bf4 b5 12. cxb5 axb5 13. Bxb5 Qb6 14. e5 Ba6 15. a4 c4 16. Be3 Qc7 17. exd6 exd6 18. Bd4 Bxd4 19. Qxd4 Qc5 20. Qh4 Bxb5 21. axb5 Rxa1 22. Rxa1 Kg7 23. Re1 Nb6 24. Ng5 h6 25. Nge4 Qd4 26. Rd1 Qe5 27. f4 Qf5 28. Nxd6 Qc2 29. Qf2 Qxf2+ 30. Kxf2 N8d7 31. Rd4 Nc5 32. Nxc4 Nxc4 33. Rxc4 Nd3+ 34. Ke3 Nxb2 35. Rb4 Rc8 36. Rxb2 Rxc3+ 37. Kd4 Rc8 38. b6 Kf6 39. b7 Rb8 40. Kc5 Ke7 41. Kc6 Kd8 42. d6 1-0


[Site "https://www.chess.com"]

[Event "Titled Tuesday Blitz July 25 Early 2023"]
[White "Nenezic, Marko"]
[Black "SmirnovAlexandrA"]
[WhiteFideId "912123"]
[WhiteElo "2795"]
[BlackElo "2443"]
[Result "1-0"]
[Round "2"]
[TimeControl "180+2"]
[Date "2023.07.25"]
[WhiteClock "0:02:21"]
[BlackClock "0:02:09"]
[Board "116"]

1. d4 Nf6 2. c4 g6 3. Nc3 Bg7 4. e4 d6 5. Be2 O-O 6. Be3 c5 7. d5 a6 8. a4 e6 9. Nf3 exd5 10. cxd5 Re8 11. Nd2 Nbd7 12. O-O b6 13. h3 Bb7 14. Bf4 Ne5 15. Bh2 Rc8 16. Re1 c4 17. Bxe5 Rxe5 18. Nxc4 Re8 19. Bd3 Rc5 20. Qb3 b5 21. axb5 axb5 22. Nxb5 Qb6 23. Nxb6 1-0


[Site "https://www.chess.com"]

[Event "Titled Tuesday Blitz July 25 Early 2023"]
[White "Kosteniuk, Alexandra"]
[Black "Herman, Daniel"]
[WhiteFideId "4128125"]
[BlackFideId "30935008"]
[WhiteElo "2782"]
[BlackElo "2440"]
[Result "1-0"]
[Round "2"]
[TimeControl "180+2"]
[Date "2023.07.25"]
[WhiteClock "0:01:03"]
[BlackClock "0:00:08"]
[Board "117"]

1. e4 g6 2. d4 Bg7 3. Nf3 d6 4. Nc3 Nf6 5. Be3 Ng4 6. Bg5 h6 7. Bh4 g5 8. Bg3 c5 9. h3 cxd4 10. Nxd4 Ne5 11. Bb5+ Bd7 12. Bxd7+ Qxd7 13. Nf5 Bf6 14. Nd5 Nbc6 15. Nxf6+ exf6 16. Qxd6 O-O-O 17. O-O-O Qe6 18. Qxe6+ fxe6 19. Ng7 Nd4 20. Bxe5 fxe5 21. c3 Ne2+ 22. Kc2 Nf4 23. Rxd8+ Rxd8 24. g3 Rg8 25. gxf4 Rxg7 26. fxe5 Rf7 27. Rh2 Rf3 28. Kd2 Kc7 29. Ke2 Rf7 30. Ke3 Rf4 31. h4 Rxh4 32. Rxh4 gxh4 33. Kf3 1-0


[Site "https://www.chess.com"]

[Event "Titled Tuesday Blitz July 25 Early 2023"]
[White "Wagner, Dennis"]
[Black "Tomaszewski, Kacper"]
[WhiteFideId "24650684"]
[BlackFideId "1127373"]
[WhiteElo "2770"]
[BlackElo "2435"]
[Result "0-1"]
[Round "2"]
[TimeControl "180+2"]
[Date "2023.07.25"]
[WhiteClock "0:00:07"]
[BlackClock "0:00:06"]
[Board "118"]

1. d4 d6 2. Nf3 Nf6 3. c4 g6 4. Nc3 Bg7 5. e4 Bg4 6. Be2 Bxf3 7. Bxf3 e5 8. d5 Nbd7 9. Be3 h5 10. Qc2 Bh6 11. Bxh6 Rxh6 12. h4 Kf8 13. O-O-O a6 14. Be2 Nc5 15. Kb1 Rb8 16. f3 Qe8 17. b4 Ncd7 18. Rc1 Rh8 19. Ka1 Kg7 20. Qd2 a5 21. bxa5 Nc5 22. Nb5 Qd7 23. Rb1 Ra8 24. Rb2 Ra6 25. Qg5 Rxa5 26. Kb1 Na4 27. Rb3 Nc5 28. Rb2 c6 29. Nc3 Ra3 30. Rc1 Rha8 31. Qd2 Qd8 32. Bd1 Qa5 33. Ne2 Nd3 34. Qxa5 R8xa5 35. Rxb7 Rxa2 36. Rc3 Ra1+ 37. Kc2 Nf2 38. Kd2 Rxd1+ 39. Ke3 N6g4+ 40. fxg4 Nxg4+ 41. Kf3 cxd5 42. cxd5 Rf1+ 43. Kg3 Ra2 44. Rf3 Rxf3+ 45. gxf3 Rxe2 46. fxg4 hxg4 47. Rb4 Re1 48. Kxg4 Rg1+ 49. Kf3 Rf1+ 50. Kg3 Rf4 51. Ra4 Kh6 52. Ra6 Rf6 53. Ra7 Kg7 54. Rd7 Kf8 55. Kh3 Ke8 56. Ra7 Kf8 57. Rd7 Kg7 58. Rd8 Rf4 59. Rxd6 Rxe4 60. Rd8 Rd4 61. d6 Kf6 62. Kg3 Ke6 63. Re8+ Kxd6 64. Rf8 Ke7 65. Rb8 Kf6 66. Rb6+ Kf5 67. Rb5 Rd3+ 68. Kf2 Rc3 69. Ke2 Rh3 70. Rb7 f6 71. Rb4 e4 72. Rb5+ Kf4 73. Rb6 f5 74. Rxg6 Rxh4 75. Rg2 Rh3 76. Rf2+ Ke5 77. Rg2 Ra3 78. Rg8 Ra2+ 79. Ke1 Kf4 80. Rb8 Kf3 81. Rb3+ e3 82. Rb5 Ra1+ 83. Rb1 Rxb1# 0-1


[Site "https://www.chess.com"]

[Event "Titled Tuesday Blitz July 25 Early 2023"]
[White "Atakhan, Abtin"]
[Black "Baches Garcia, Guillermo"]
[WhiteFideId "22502203"]
[BlackFideId "2209764"]
[WhiteElo "2766"]
[BlackElo "2425"]
[Result "1-0"]
[Round "2"]
[TimeControl "180+2"]
[Date "2023.07.25"]
[WhiteClock "0:02:24"]
[BlackClock "0:00:38"]
[Board "119"]

1. d4 Nf6 2. c4 e6 3. f3 d5 4. cxd5 exd5 5. Nc3 c5 6. e3 Nc6 7. Bb5 a6 8. Bxc6+ bxc6 9. Nge2 c4 10. b3 cxb3 11. axb3 Bd6 12. Ba3 O-O 13. Bxd6 Qxd6 14. Na4 Re8 15. Qd2 Rb8 16. Nc5 Nd7 17. b4 Nxc5 18. dxc5 Qe5 19. Ra3 a5 20. Rxa5 Qxe3 21. Qxe3 Rxe3 22. Kd2 Rb3 23. Nd4 R3xb4 24. Nxc6 Rb2+ 25. Ke3 R8b3+ 26. Kf4 g5+ 27. Ke5 Re2+ 28. Kd6 Bb7 29. Nd4 1-0


[Site "https://www.chess.com"]

[Event "Titled Tuesday Blitz July 25 Early 2023"]
[White "Valgmae, Toomas"]
[Black "Remizov, Yaroslav"]
[WhiteFideId "4502523"]
[BlackFideId "34134015"]
[WhiteElo "2422"]
[BlackElo "2755"]
[Result "0-1"]
[Round "2"]
[TimeControl "180+2"]
[Date "2023.07.25"]
[WhiteClock "0:00:45"]
[BlackClock "0:00:14"]
[Board "120"]

1. d4 Nf6 2. c4 c5 3. d5 b5 4. cxb5 a6 5. bxa6 g6 6. Nc3 Bg7 7. d6 O-O 8. Nf3 Rxa6 9. dxe7 Qxe7 10. e3 d5 11. Bxa6 Bxa6 12. Ne2 d4 13. O-O d3 14. Nc3 Nc6 15. Bd2 Rb8 16. Rb1 Nb4 17. Qa4 Qd6 18. Rfc1 Nc2 19. h3 h6 20. Ne1 Nxe1 21. Rxe1 Ra8 22. e4 Nd7 23. Be3 Nb6 24. Qa5 Nc4 25. Qxc5 Qd8 26. Red1 Nxe3 27. Qxe3 Bd4 28. Qxh6 Qf6 29. Qd2 Rc8 30. Rbc1 Rb8 31. Rf1 g5 32. Kh1 g4 33. hxg4 Kg7 34. g3 Qf3+ 35. Kg1 Qxg3+ 36. Kh1 Rh8+ 0-1


[Site "https://www.chess.com"]

[Event "Titled Tuesday Blitz July 25 Early 2023"]
[White "Cheer_Down"]
[Black "Mahdavi, Reza"]
[BlackFideId "12595926"]
[WhiteElo "2416"]
[BlackElo "2744"]
[Result "0-1"]
[Round "2"]
[TimeControl "180+2"]
[Date "2023.07.25"]
[WhiteClock "0:00:28"]
[BlackClock "0:01:14"]
[Board "121"]

1. e4 c5 2. Nf3 d6 3. d4 cxd4 4. Nxd4 Nf6 5. Nc3 a6 6. f3 e5 7. Nb3 Be6 8. Be3 Nbd7 9. Nd5 Bxd5 10. exd5 b5 11. Qd2 Nb6 12. Bxb6 Qxb6 13. c4 bxc4 14. Bxc4 Kd7 15. Qa5 Qxa5+ 16. Nxa5 Be7 17. Nc6 Bd8 18. b4 Bb6 19. a4 Rhc8 20. a5 Ba7 21. Ke2 Bd4 22. Rad1 Ng8 23. Kd3 Bf2 24. Bb3 Ne7 25. Ke2 Ba7 26. Ba4 Nxc6 27. Bxc6+ Rxc6 28. dxc6+ Kxc6 29. Rc1+ Kd7 30. Rhd1 Rb8 31. Rc4 Bd4 32. Rdc1 Ke6 33. g4 Kd5 34. Kd3 f6 35. Rxd4+ exd4 36. Rc4 Ke5 37. Rxd4 d5 38. f4+ Kd6 39. Kc3 Rc8+ 40. Kb2 Re8 41. Kc3 Kc6 42. Kd2 Re4 43. Kd3 Rxd4+ 44. Kxd4 Kb5 45. Kxd5 Kxb4 46. f5 Kxa5 47. Kc5 Ka4 48. Kc4 a5 49. h4 h6 50. h5 Ka3 51. Kc3 a4 0-1


[Site "https://www.chess.com"]

[Event "Titled Tuesday Blitz July 25 Early 2023"]
[White "Volovich, Vasily"]
[Black "Molina Carretero, Daniel"]
[WhiteFideId "34169676"]
[BlackFideId "32071914"]
[WhiteElo "2735"]
[BlackElo "2398"]
[Result "0-1"]
[Round "2"]
[TimeControl "180+2"]
[Date "2023.07.25"]
[WhiteClock "0:00:07"]
[BlackClock "0:00:18"]
[Board "122"]

1. e4 c5 2. Nf3 d6 3. c3 Nf6 4. h3 g6 5. Bd3 Bg7 6. O-O O-O 7. Bc2 e5 8. d4 Nc6 9. dxe5 dxe5 10. Bg5 h6 11. Bxf6 Qxf6 12. Nbd2 Rd8 13. Qe2 Be6 14. Bb3 Rd7 15. Bxe6 Qxe6 16. Nc4 Rad8 17. Ne3 f5 18. Rfd1 a6 19. b3 fxe4 20. Nd2 Nd4 21. cxd4 exd4 22. Qc4 Qxc4 23. Nexc4 b5 24. Na3 e3 25. Nf3 e2 26. Rd2 d3 27. Rc1 Bb2 28. Rxb2 d2 29. Rxd2 Rxd2 30. Re1 Rxa2 31. Nb1 Rd1 32. Nc3 Rxe1+ 33. Nxe1 Ra1 34. f3 Rxe1+ 35. Kf2 Rc1 36. Nxe2 Rc2 37. Ke3 Rxe2+ 38. Kxe2 a5 39. Kd3 a4 40. bxa4 bxa4 41. Kc4 Kf7 42. f4 Kf6 43. g4 Ke6 44. h4 Kf6 45. Kc3 h5 46. gxh5 gxh5 47. Kc4 Kf5 48. Kxc5 a3 0-1


[Site "https://www.chess.com"]

[Event "Titled Tuesday Blitz July 25 Early 2023"]
[White "Rios Escobar, Adan"]
[Black "Goltsev, Dmitry"]
[WhiteFideId "3403645"]
[BlackFideId "24176710"]
[WhiteElo "2410"]
[BlackElo "2726"]
[Result "1/2-1/2"]
[Round "2"]
[TimeControl "180+2"]
[Date "2023.07.25"]
[WhiteClock "0:00:02"]
[BlackClock "0:00:07"]
[Board "123"]

1. d4 Nf6 2. g3 g6 3. Bg2 Bg7 4. e4 d6 5. Ne2 O-O 6. O-O e5 7. Nbc3 Nc6 8. dxe5 dxe5 9. Bg5 h6 10. Qxd8 Rxd8 11. Bxf6 Bxf6 12. Nd5 Bg7 13. Nxc7 Rb8 14. Rfd1 Bg4 15. f3 Rdc8 16. Nd5 Be6 17. Rd2 Bf8 18. Rad1 Bc5+ 19. Kh1 Kg7 20. Bf1 Rd8 21. a3 a5 22. Nc7 Bc4 23. Kg2 Rdc8 24. Nd5 b5 25. Nc1 Nd4 26. b4 Bxd5 27. bxc5 Be6 28. Nd3 f6 29. Rb1 Bc4 30. c3 Nb3 31. Rdb2 a4 32. Nc1 Rxc5 33. Bxc4 bxc4 34. Na2 Rd8 35. Nb4 f5 36. Nd5 Rcxd5 37. exd5 Rxd5 38. Re1 Kf6 39. Rbe2 Nc5 40. Rb2 Nd3 41. Rd1 Nf4+ 42. gxf4 Rxd1 43. Rb5 exf4 44. Rb4 Rd2+ 45. Kh3 Rd3 46. Kg2 Rxc3 47. Rxa4 Rc2+ 48. Kh3 g5 49. Ra6+ Kg7 50. a4 Ra2 51. a5 c3 52. Rc6 c2 53. a6 c1=Q 54. Rxc1 Rxa6 55. Rc3 Ra2 56. Rc2 Ra3 57. Rf2 g4+ 58. Kh4 Rxf3 59. Rxf3 gxf3 60. Kh5 f2 61. h4 f1=Q 1/2-1/2


[Site "https://www.chess.com"]

[Event "Titled Tuesday Blitz July 25 Early 2023"]
[White "Fisabilillah, Ummi"]
[Black "Prestia, Paris"]
[WhiteFideId "7104804"]
[BlackFideId "30925959"]
[WhiteElo "2363"]
[BlackElo "2695"]
[Result "0-1"]
[Round "2"]
[TimeControl "180+2"]
[Date "2023.07.25"]
[WhiteClock "0:00:02"]
[BlackClock "0:00:16"]
[Board "124"]

1. e4 b6 2. d4 Bb7 3. Nc3 e6 4. a3 Nf6 5. Bd3 c5 6. Nf3 cxd4 7. Nxd4 Nc6 8. Nde2 Be7 9. O-O O-O 10. Bg5 h6 11. Bxf6 Bxf6 12. Qd2 Rc8 13. Rad1 a6 14. Kh1 Qc7 15. f4 d6 16. Qe3 b5 17. f5 Ne5 18. Nf4 Bg5 19. Qg3 Qe7 20. Nh5 Kh8 21. f6 gxf6 22. h4 Rg8 23. hxg5 Rxg5 24. Qh4 f5 25. Nf4 Qf6 26. Nh3 Kg7 27. Kg1 Nxd3 28. Nxg5 hxg5 29. Qg3 Nxb2 30. e5 dxe5 31. Rd7 f4 32. Qe1 Bc6 33. Ne4 Bxe4 34. Qxe4 Nc4 35. Re1 Ne3 36. Re2 Rh8 37. Qb7 Qf5 38. Kf2 Ng4+ 39. Ke1 Rh1+ 40. Kd2 Ne3 41. Rxe3 fxe3+ 42. Kc3 Rf1 43. Kb3 e2 0-1


[Site "https://www.chess.com"]

[Event "Titled Tuesday Blitz July 25 Early 2023"]
[White "Timerkhanov, Alexander"]
[Black "Yolosz"]
[WhiteFideId "24177938"]
[WhiteElo "2679"]
[BlackElo "2372"]
[Result "1-0"]
[Round "2"]
[TimeControl "180+2"]
[Date "2023.07.25"]
[WhiteClock "0:02:12"]
[BlackClock "0:00:26"]
[Board "125"]

1. d4 d5 2. Bf4 Bf5 3. c4 e6 4. Nc3 c6 5. e3 Nd7 6. Qb3 Qb6 7. c5 Qxb3 8. axb3 f6 9. b4 e5 10. Bg3 Ne7 11. b5 Be6 12. Nf3 e4 13. Nd2 h5 14. h3 h4 15. Bh2 Kf7 16. Nb3 g6 17. Na5 Bh6 18. Nxb7 f5 19. Na5 Rhc8 20. bxc6 Nxc6 21. Nxc6 Rxc6 22. b4 Rcc8 23. Ba6 Re8 24. Nb5 Kg7 25. Nc7 f4 26. Bxf4 Bxf4 27. exf4 1-0


[Site "https://www.chess.com"]

[Event "Titled Tuesday Blitz July 25 Early 2023"]
[White "Nagare Kaivalya Sandip"]
[Black "Ncatt"]
[WhiteFideId "25957929"]
[WhiteElo "2661"]
[BlackElo "2342"]
[Result "1-0"]
[Round "2"]
[TimeControl "180+2"]
[Date "2023.07.25"]
[WhiteClock "0:01:41"]
[BlackClock "0:00:35"]
[Board "126"]

1. e4 c5 2. Nf3 Nc6 3. d4 cxd4 4. Nxd4 Nf6 5. Nc3 e6 6. Ndb5 Bc5 7. Nd6+ Ke7 8. Nc4 e5 9. Bg5 Bb4 10. a3 Bxc3+ 11. bxc3 Qc7 12. Ne3 Kf8 13. Bxf6 gxf6 14. Nd5 Qd6 15. Qf3 Rg8 16. Qxf6 Qxf6 17. Nxf6 Rg6 18. Nd5 d6 19. O-O-O Be6 20. f3 Rc8 21. g4 a6 22. Nb6 Rd8 23. Bc4 Ne7 24. Rd2 Rf6 25. Rd3 Ng6 26. Rhd1 Ke7 27. Bxe6 fxe6 28. Rxd6 Rxd6 29. Nc8+ Kd7 30. Nxd6 Rxf3 31. Nxb7+ Kc6 32. Nd8+ Kc5 33. Nxe6+ Kc4 34. Rd6 Nh4 35. Rd5 Rf1+ 36. Kb2 1-0


[Site "https://www.chess.com"]

[Event "Titled Tuesday Blitz July 25 Early 2023"]
[White "Sovetbekova, Nurai"]
[Black "Sagita, Catur Adi"]
[WhiteFideId "13801910"]
[BlackFideId "7104618"]
[WhiteElo "2350"]
[BlackElo "2645"]
[Result "0-1"]
[Round "2"]
[TimeControl "180+2"]
[Date "2023.07.25"]
[WhiteClock "0:00:15"]
[BlackClock "0:00:52"]
[Board "127"]

1. d4 Nf6 2. c4 e6 3. Nc3 Bb4 4. a3 Bxc3+ 5. bxc3 O-O 6. f3 d5 7. e3 b6 8. cxd5 exd5 9. Bd3 Ba6 10. Ne2 c5 11. O-O Re8 12. Ng3 Bxd3 13. Qxd3 Nc6 14. Bb2 Qd7 15. e4 cxd4 16. cxd4 dxe4 17. fxe4 Qg4 18. e5 Nd5 19. Qf3 Qxf3 20. Rxf3 Rad8 21. Raf1 Rd7 22. Nf5 Re6 23. Nd6 f6 24. Nc4 h6 25. exf6 Nxf6 26. Ne5 Nxd4 27. Nxd7 Nxf3+ 28. Rxf3 Nxd7 29. Rd3 Nc5 30. Rg3 Re1+ 31. Kf2 Rb1 32. Rxg7+ Kf8 33. Bd4 Ne6 34. Rxa7 Nxd4 35. Rb7 Rb2+ 36. Kg3 b5 37. a4 Rb3+ 38. Kf4 bxa4 39. Ra7 a3 40. Ke5 Nc6+ 0-1


[Site "https://www.chess.com"]

[Event "Titled Tuesday Blitz July 25 Early 2023"]
[White "Goryachkina, Aleksandra"]
[Black "Nayak Rajesh"]
[WhiteFideId "4147103"]
[BlackFideId "35017152"]
[WhiteElo "2641"]
[BlackElo "2316"]
[Result "1-0"]
[Round "2"]
[TimeControl "180+2"]
[Date "2023.07.25"]
[WhiteClock "0:00:28"]
[BlackClock "0:00:02"]
[Board "128"]

1. e4 c5 2. Nf3 d6 3. d4 cxd4 4. Nxd4 Nf6 5. Nc3 g6 6. Be2 Bg7 7. O-O O-O 8. Be3 Nc6 9. h3 Bd7 10. Kh1 Nxd4 11. Bxd4 Bc6 12. Bd3 Qc8 13. f4 Rd8 14. f5 a6 15. a4 b5 16. Qf3 b4 17. Nd5 Bxd5 18. exd5 g5 19. Rae1 Re8 20. h4 gxh4 21. Qh3 Qd7 22. Qxh4 Kh8 23. Rf3 Rg8 24. Rh3 h6 25. Be3 1-0


[Site "https://www.chess.com"]

[Event "Titled Tuesday Blitz July 25 Early 2023"]
[White "Wernberg, Hugo"]
[Black "Gamayev, Oleg"]
[WhiteFideId "1737511"]
[BlackFideId "2802813"]
[WhiteElo "2337"]
[BlackElo "2595"]
[Result "1-0"]
[Round "2"]
[TimeControl "180+2"]
[Date "2023.07.25"]
[WhiteClock "0:00:07"]
[BlackClock "0:01:13"]
[Board "129"]

1. d4 d6 2. Nf3 Nf6 3. c4 Nbd7 4. Nc3 e5 5. e4 Be7 6. Be2 O-O 7. O-O c6 8. h3 a5 9. Qc2 exd4 10. Nxd4 Nc5 11. Bf4 Re8 12. Rfe1 Bf8 13. Bf1 h6 14. Rad1 Qb6 15. Nf3 Qc7 16. e5 dxe5 17. Bxe5 Qb6 18. Bxf6 Rxe1 19. Rxe1 gxf6 20. Nd4 Bd7 21. Nf5 Re8 22. Rxe8 Bxe8 23. Ne4 Nxe4 24. Qxe4 Bd7 25. Bd3 Bxf5 26. Qxf5 Bg7 27. Qh7+ Kf8 28. b3 Qd8 29. Qf5 Kg8 30. g3 Kf8 31. Kg2 Ke7 32. Be4 Qc7 33. Bf3 Qe5 34. Qc8 Qd6 35. Qxb7+ Qd7 36. Bxc6 Qxb7 37. Bxb7 f5 38. Kf3 Bd4 39. Ke2 Kd6 40. f4 Bc5 41. Bd5 Ke7 42. Kf3 f6 43. Bg8 Bb4 44. Bh7 Ke6 45. Bg8+ Ke7 46. Bd5 Kd6 47. g4 fxg4+ 48. Kxg4 Ke7 49. Kh5 Bd2 50. Kxh6 Bxf4+ 51. Kg6 Bg3 52. Kf5 Bh4 53. Kg4 Be1 54. h4 Kf8 55. h5 Kg7 56. Kf5 Bb4 57. Bf3 Kf7 58. Ke4 Ke6 59. h6 f5+ 60. Kd4 Kd6 61. h7 Ba3 62. Kc3 Ke5 63. h8=Q+ Kf4 64. Qh3 Ke3 65. Kc2 f4 66. Qg4 Kd4 67. Qxf4+ Kc5 68. Qe4 Kb4 69. Qd5 Bc1 70. Qb5+ Ka3 71. Qa4# 1-0


[Site "https://www.chess.com"]

[Event "Titled Tuesday Blitz July 25 Early 2023"]
[White "Mamedov, Edgar"]
[Black "LLariMarc"]
[WhiteFideId "13739980"]
[WhiteElo "2591"]
[BlackElo "2308"]
[Result "1-0"]
[Round "2"]
[TimeControl "180+2"]
[Date "2023.07.25"]
[WhiteClock "0:00:47"]
[BlackClock "0:00:18"]
[Board "130"]

1. d4 g6 2. e4 Bg7 3. c3 c6 4. Nf3 d5 5. e5 Bg4 6. Nbd2 e6 7. h3 Bxf3 8. Nxf3 c5 9. Bb5+ Nc6 10. dxc5 Qa5 11. Qa4 Qxa4 12. Bxa4 Ne7 13. O-O O-O 14. Bf4 Rac8 15. b4 Rfd8 16. Bg5 Rc7 17. Bxc6 bxc6 18. Nd4 Rdc8 19. Bxe7 Rxe7 20. f4 a5 21. a3 Ra7 22. g3 Kf8 23. Kf2 Ke7 24. Ke2 Kd7 25. Kd3 Bf8 26. Rab1 axb4 27. axb4 Rca8 28. g4 Bg7 29. f5 Rf8 30. fxe6+ fxe6 31. Rxf8 Bxf8 32. Rf1 Be7 33. Rf7 Rc7 34. Rxh7 g5 35. Nf3 Rc8 36. Nxg5 Rf8 37. Nf7 Ke8 38. Nd6+ Kd8 39. g5 Rf3+ 40. Kc2 Rg3 41. h4 Kd7 42. b5 cxb5 43. c6+ Kxc6 44. Rxe7 b4 45. cxb4 d4 46. b5+ Kd5 47. b6 Rg2+ 48. Kb3 d3 49. b7 d2 50. Kc2 d1=Q+ 51. Kxd1 Rb2 52. Re8 Kd4 53. b8=Q 1-0


[Site "https://www.chess.com"]